Cogmind - Beta 14 @@@ ROGUE MODE // 2025.01.11 @ 17:35:04 Player: Anting Result: Destroyed by C-40 Crusher with Compactor Performance ------------- Evolutions (4) 2000 Regions Visited (10) 2000 Robots Destroyed (104) 520 Value Destroyed (3823) 3823 Prototype IDs (25) 500 Alien Tech Used (0) 0 Bonus (376) 376 TOTAL SCORE: 9219 Bonus ------- High Alert Combat Kills 37 Follower Combat Kills 39 Aligned with FarCom 300 Cogmind --------- Core Integrity 0/850 Matter 193/300 Energy 92/100 System Corruption 20% Temperature Cool (0) Movement Core (50) Location -6/Waste Parts ------- > --- POWER (1) -------- (None) > --- PROPULSION (2) --- (None) > --- UTILITY (9) ------ (None) > --- WEAPON (3) ------- (None) > --- INVENTORY (5) ---- Gravmag System Improved Airjet Cooled Airjet Peak State ------------ > --- POWER ------------ Light Ion Engine > --- PROPULSION ------- Armored Treads Advanced Treads > --- UTILITY ---------- Huge Storage Unit Visual Processing Unit Advanced Targeting Computer Improved Utility Shielding Hardened Heavy Armor Plating Improved Light Armor Plating Hacking Suite System Shield > --- WEAPON ----------- AWS/Autocannon > --- INVENTORY -------- Light Ion Engine Armored Treads Advanced Treads Advanced Treads Advanced Treads Gravmag System Gravmag System Gravmag System Improved Airjet Cooled Airjet Advanced Weight Redist. System Advanced Visual Processing Unit Improved Light Armor Plating Improved Light Armor Plating Layered Light Armor Plating Hacking Suite Hacking Suite Hacking Suite System Shield Gauss Rifle Improved Grenade Launcher Greatsword [Rating: 70] Favorites ----------- Power Ion Engine Engine Ion Engine Power Core Micro Nuclear Core Propulsion Advanced Treads Treads Advanced Treads Hover Unit Gravmag System Utility Visual Processing Unit Device Heat Sink Storage Huge Storage Unit Processor Visual Processing Unit Hackware Hacking Suite Protection Hardened Light Armor Plating Weapon Heavy Assault Rifle Energy Gun Small Laser Ballistic Gun Heavy Assault Rifle Ballistic Cannon AWS/Autocannon Launcher Grenade Launcher Special Weapon Mining Laser Slashing Weapon Katana Build | -11 -10 -10 -9 -9 -9 -8 -8 -7 -6 -6 ------- Run | Yrd Mat Min Mat Min Exi Min Mat Fac Fac Was Slots Evolved 8 | . . . 2 . . . 2 2 2 . Power . | . . . . . . . . . . . Propulsion . | . . . . . . . . . . . Utility 7 | . . . 2 . . . 1 2 2 . Weapon 1 | . . . . . . . 1 . . . Parts Attached 67 | 7 1 2 26 1 1 1 6 11 2 9 Power 6 | 1 . . 2 1 . . . 2 . . Engine 5 | 1 . . 2 1 . . . 1 . . Core 1 | . . . . . . . . 1 . . Reactor . | . . . . . . . . . . . Propulsion 19 | 2 . . 6 . . . . 6 1 4 Treads 15 | 2 . . 6 . . . . 4 1 2 Leg . | . . . . . . . . . . . Wheel . | . . . . . . . . . . . Hover 4 | . . . . . . . . 2 . 2 Flight . | . . . . . . . . . . . Utility 21 | 2 1 . 6 . 1 1 4 3 1 2 Device 2 | 1 . . 1 . . . . . . . Storage 4 | 1 1 . 1 . . 1 . . . . Processor 2 | . . . . . 1 . 1 . . . Hackware 4 | . . . . . . . . 2 . 2 Protection 9 | . . . 4 . . . 3 1 1 . Artifact . | . . . . . . . . . . . Weapon 21 | 2 . 2 12 . . . 2 . . 3 Energy Gun 1 | . . . 1 . . . . . . . Energy Cannon . | . . . . . . . . . . . Ballistic Gun 9 | 2 . . 7 . . . . . . . Ballistic Cannon 1 | . . . . . . . 1 . . . Launcher 6 | . . 2 3 . . . . . . 1 Special Weapon 1 | . . . 1 . . . . . . . Impact Weapon . | . . . . . . . . . . . Slashing Weapon 3 | . . . . . . . 1 . . 2 Piercing Weapon . | . . . . . . . . . . . Special Melee Weapon . | . . . . . . . . . . . Unidentified Prototypes 2 | . . . . . . . . 2 . . Corrupted Parts 1 | . . . . . . . . . . 1 System Corruption 2 | . . . . . . . . . . 2 Parts Lost 18 | . . . 8 . . . . 1 . 9 Power 1 | . . . . . . . . 1 . . Propulsion 6 | . . . 3 . . . . . . 3 Utility 7 | . . . 2 . . . . . . 5 Weapon 4 | . . . 3 . . . . . . 1 Highest Loss Streak 6 | . . . 3 . . . . 1 . 6 To Critical Strikes . | . . . . . . . . . . . Average Slot Usage (%) 90 | . 100 100 94 100 100 100 84 83 79 53 Engine 9 | . 14 14 11 11 11 11 9 4 6 2 Treads 19 | . 28 28 21 22 22 22 18 15 13 5 Device 8 | . 14 14 19 22 19 11 . . . . Storage 9 | . 14 14 11 11 11 11 9 7 6 1 Processor 10 | . . . . . 2 11 17 15 13 10 Hackware 3 | . . . . . . . . 14 13 16 Protection 13 | . . . 8 11 11 11 18 15 19 7 Ballistic Gun 10 | . 28 21 14 22 22 22 3 . . . Ballistic Cannon 3 | . . . . . . . 7 7 6 . Peak Build Rating 70 | 7 7 7 20 20 23 24 55 65 70 70 Average Rating 36 | 5 7 7 12 19 20 23 48 62 69 32 On Entrance 26 | . 7 7 7 20 19 23 24 55 63 70 Naked Turns 22 | . . . . . . . . . . 22 Heaviest Build 168 | 15 50 52 60 60 58 97 153 151 168 168 Greatest Support 44 | 40 40 40 44 44 44 44 44 44 42 44 Greatest Overweight (x) 3 | 2 1 1 2 1 1 2 3 3 3 3 Average Overweight (x) 1 | . . 1 1 1 1 1 2 3 3 . Largest Inventory Capacity 25 | 8 20 20 20 20 20 25 25 25 25 25 Average Capacity 22 | 7 14 20 20 20 20 24 25 25 25 10 Most Carried 25 | 5 7 7 20 20 20 23 25 25 25 23 Average Carried 20 | 1 4 7 13 19 19 22 24 24 23 7 Final Capacity 25 | 8 20 20 20 20 20 25 25 25 25 5 Final Carried 25 | 2 7 7 20 20 20 23 25 25 23 3 Class Distribution -------------------- 37% | Mutant 20% | Hacker-Skirmisher 17% | Scavenger-Mutant 11% | Tank 7% | Skirmisher 4% | Hacker-Tank Dominant Class ---------------- Mutant | -10/Materials Mutant | -10/Mines Scavenger-Mutant | -9/Materials Scavenger-Mutant | -9/Mines Scavenger-Mutant | -9/Exiles Mutant | -8/Mines Tank | -8/Materials Hacker-Skirmisher | -7/Factory Hacker-Tank | -6/Factory Hacker-Mutant | -6/Waste Resources | -11 -10 -10 -9 -9 -9 -8 -8 -7 -6 -6 ----------- Run | Yrd Mat Min Mat Min Exi Min Mat Fac Fac Was Matter Collected 1206 | 332 . . 592 34 . 41 81 116 10 . Remotely . | . . . . . . . . . . . Salvage Created 3187 | 135 . 16 854 51 . 114 977 994 46 . Parts 180 | 15 . . 54 3 . 2 43 60 3 . Haulers Intercepted . | . . . . . . . . . . . Recyclers Shooed 1 | . . . 1 . . . . . . . Parts Field Recycled . | . . . . . . . . . . . Retrieved Matter . | . . . . . . . . . . . Parts Self-Destructed . | . . . . . . . . . . . Prevented . | . . . . . . . . . . . Kills | -11 -10 -10 -9 -9 -9 -8 -8 -7 -6 -6 ------- Run | Yrd Mat Min Mat Min Exi Min Mat Fac Fac Was Combat Hostiles Destroyed 81 | . . 4 19 3 . . 26 28 1 . Guns 14 | . . . 11 3 . . . . . . Cannons 57 | . . . 2 . . . 26 28 1 . AOE 10 | . . 4 6 . . . . . . . Classes Destroyed 17 | 1 . 1 9 1 . . 1 4 . . Worker 4 | . . . 4 . . . . . . . Builder 2 | . . . 1 . . . 1 . . . Tunneler 7 | 6 . . . . . 1 . . . . Recycler 3 | . . . 1 . . 1 1 . . . Operator 2 | . . . 1 . . . 1 . . . Watcher 9 | . . . 1 . . . 3 5 . . Swarmer 3 | . . . . 3 . . . . . . Grunt 47 | . . . 13 . . . 16 17 1 . Brawler 3 | . . . 1 . . . 2 . . . Duelist 1 | . . . 1 . . . . . . . Protector 1 | . . . . . . . . 1 . . Sentry 9 | . . . 4 . . . 5 . . . Specialist 2 | . . . . . . . . 2 . . Hunter 3 | . . . . . . . 3 . . . Programmer 7 | . . . . . . . . 7 . . Heavy 1 | . . . . . . . . 1 . . Assembled 4 | . . 4 . . . . . . . . Best Kill Streak 11 | 2 . 4 6 3 . 1 6 11 1 . Combat Bots Only 11 | . . 4 5 3 . . 4 11 1 . Max Kills in Single Turn 3 | 1 . 3 3 1 . 1 1 1 1 . Gunslinging . | . . . . . . . . . . . Exploded 3 | . . 3 3 . . . . . . . Melee . | . . . . . . . . . . . Uniques/NPCs Destroyed . | . . . . . . . . . . . Combat | -11 -10 -10 -9 -9 -9 -8 -8 -7 -6 -6 -------- Run | Yrd Mat Min Mat Min Exi Min Mat Fac Fac Was Hostile Shots Fired 326 | . . 25 136 9 1 . 60 69 1 25 Missed 103 | . . 11 37 3 . . 23 29 . . Damage Taken 4200 | . . 206 1392 49 10 . 526 870 19 1128 Core 1222 | . . 54 218 . 10 . 30 35 . 875 Absorbed by Shields . | . . . . . . . . . . . Redirected to Shielding 49 | . . . . . . . . 21 . 28 Regen/Repaired (Parts) 74 | . . . 74 . . . . . . . Core Remaining (%) 82 | 100 . 78 . . . 43 94 95 . . Volleys Fired 86 | 12 2 2 59 4 . 7 . . . . Largest 2 | 2 2 2 2 2 . 2 . . . . Hottest 140 | 40 40 60 140 46 . 46 . . . . Shots Fired 297 | 24 4 4 102 8 . 14 70 64 2 5 Gun 136 | 24 4 . 86 8 . 14 . . . . Cannon 141 | . . . . . . . 70 64 2 5 Launcher 12 | . . 4 8 . . . . . . . Special 8 | . . . 8 . . . . . . . Kinetic 256 | 24 4 . 65 8 . 14 70 64 2 5 Thermal 29 | . . . 29 . . . . . . . Explosive 12 | . . 4 8 . . . . . . . Electromagnetic . | . . . . . . . . . . . Robot Hit Streak 23 | 9 1 . 23 3 . 4 16 19 1 6 Robot Miss Streak 4 | 1 2 . 3 2 . 4 2 2 1 . Penetration Max . | . . . . . . . . . . . Secondary Targets 2 | . . . 1 1 . . . . . . Max Gunslinging Chain 1 | . . . 1 1 . . . . . . Autonomous 141 | . . . . . . . 70 64 2 5 Shots Hit Robots 225 | 20 1 . 73 5 . 6 60 54 1 5 Core Hits 122 | 6 . 8 53 3 . 3 26 22 1 . Critical Kills . | . . . . . . . . . . . Critical Parts Destroyed 1 | 1 . . . . . . . . . . Critical Strikes 9 | 1 . . . . . . 5 3 . . Destroy 1 | 1 . . . . . . . . . . Blast 8 | . . . . . . . 5 3 . . Melee Attacks . | . . . . . . . . . . . Impact . | . . . . . . . . . . . Slashing . | . . . . . . . . . . . Piercing . | . . . . . . . . . . . Sneak Attacks . | . . . . . . . . . . . Combat Hostiles . | . . . . . . . . . . . Follow-up Attacks . | . . . . . . . . . . . Damage Inflicted 12033 | 241 11 232 1599 75 . 86 4738 4523 96 432 Guns 1297 | 241 11 . 884 75 . 86 . . . . Cannons 9785 | . . . . . . . 4738 4523 96 428 Explosions 803 | . . 232 571 . . . . . . . Melee . | . . . . . . . . . . . Ramming 4 | . . . . . . . . . . 4 Kinetic 10883 | 241 11 . 685 75 . 86 4738 4523 96 428 Thermal 343 | . . . 343 . . . . . . . Explosive 803 | . . 232 571 . . . . . . . Electromagnetic . | . . . . . . . . . . . Impact . | . . . . . . . . . . . Slashing . | . . . . . . . . . . . Piercing . | . . . . . . . . . . . Highest Corruption 20 | . . . . . . . . 3 . 20 Average Corruption 2 | . . . . . . . . 2 . 11 Corruption Purged . | . . . . . . . . . . . Corruption Blocked . | . . . . . . . . . . . Effects 22 | . . . . . . . . 15 . 7 Message Errors 4 | . . . . . . . . 3 . 1 Matter Fused 5 | . . . . . . . . 4 . 1 Heat Flow Errors 5 | . . . . . . . . 4 . 1 Energy Discharges 1 | . . . . . . . . . . 1 Parts Rejected 2 | . . . . . . . . . . 2 Data Loss (minor) 3 | . . . . . . . . 3 . . Data Loss (major) 1 | . . . . . . . . 1 . . Misdirections 1 | . . . . . . . . . . 1 Overload Shots . | . . . . . . . . . . . Overflow Damage 1308 | . . . 3 . . . 498 807 . . Projectiles 1305 | . . . . . . . 498 807 . . Explosions 3 | . . . 3 . . . . . . . Melee . | . . . . . . . . . . . Knockbacks 27 | . . . . . . . 11 16 . . Impact . | . . . . . . . . . . . Kinetic 24 | . . . . . . . 11 13 . . Secondary 3 | . . . . . . . . 3 . . Self-Inflicted Damage 2 | . . . . . . . . . . 2 Shots . | . . . . . . . . . . . Rammed 1 | . . . . . . . . . . 1 Targets Rammed 1 | . . . . . . . . . . 1 Kicked . | . . . . . . . . . . . Crushed . | . . . . . . . . . . . Highest Temperature 247 | . . . 38 . . . . 247 . 221 Average Temperature 69 | . . . 20 . . . . 107 . 128 Received Heat Transfer 1005 | . . . 657 . 6 . 135 198 9 . Siege Activations . | . . . . . . . . . . . Robots Corrupted . | . . . . . . . . . . . Combat Hostiles . | . . . . . . . . . . . Parts Fried . | . . . . . . . . . . . Impact Corruptions . | . . . . . . . . . . . Robots Melted . | . . . . . . . . . . . Combat Hostiles . | . . . . . . . . . . . Parts Melted 1 | . . . 1 . . . . . . . Heat Transferred 750 | . . . 750 . . . . . . . Parts Sabotaged . | . . . . . . . . . . . Parts Stolen . | . . . . . . . . . . . Parts Stripped . | . . . . . . . . . . . Power Chain Reactions . | . . . . . . . . . . . Alert | -11 -10 -10 -9 -9 -9 -8 -8 -7 -6 -6 ------- Run | Yrd Mat Min Mat Min Exi Min Mat Fac Fac Was Peak Influence 474 | 30 42 57 379 180 . 5 392 474 231 18 Initial 231 | . 19 . 22 95 . . . 177 231 18 Average 114 | 14 30 7 213 133 . 1 119 153 181 7 Maximum Alert Level 2 | . . . 1 . . . 1 2 1 . Low Security (%) 75 | 100 100 100 33 100 . 100 76 80 26 100 Level 1 22 | . . . 66 . . . 23 13 73 . Level 2 1 | . . . . . . . . 6 . . Level 3 . | . . . . . . . . . . . Level 4 . | . . . . . . . . . . . Level 5 . | . . . . . . . . . . . High Security . | . . . . . . . . . . . Max Security . | . . . . . . . . . . . Squads Dispatched 24 | . 2 . 2 . . . 6 13 1 . Investigation 6 | . 1 . 1 . . . 2 2 . . Extermination 6 | . . . . . . . . 5 1 . Reinforcement 12 | . 1 . 1 . . . 4 6 . . Assault . | . . . . . . . . . . . Garrison . | . . . . . . . . . . . Intercept . | . . . . . . . . . . . Searches Triggered . | . . . . . . . . . . . Construction Impeded . | . . . . . . . . . . . Haulers Reinforced . | . . . . . . . . . . . Active Scanning Responses . | . . . . . . . . . . . Cargo Convoy Interrupts 1 | . . . . . . . . 1 . . Stealth | -11 -10 -10 -9 -9 -9 -8 -8 -7 -6 -6 --------- Run | Yrd Mat Min Mat Min Exi Min Mat Fac Fac Was Distress Signals 2 | . . . 1 . . . . 1 . . Communications Jammed . | . . . . . . . . . . . Distress Signals . | . . . . . . . . . . . Times Spotted 126 | . 2 19 30 3 5 . 31 32 1 3 Peak Tracking Total 16 | . 2 16 5 3 3 . 4 7 1 3 Tactical Retreats 8 | . . . 3 . . . 4 1 . . Traps | -11 -10 -10 -9 -9 -9 -8 -8 -7 -6 -6 ------- Run | Yrd Mat Min Mat Min Exi Min Mat Fac Fac Was Traps Triggered 6 | . 1 . . . . . 1 3 1 . Indirectly . | . . . . . . . . . . . Trap Hack Attempts . | . . . . . . . . . . . Triggered . | . . . . . . . . . . . Disarmed . | . . . . . . . . . . . Reprogrammed . | . . . . . . . . . . . Reused . | . . . . . . . . . . . Traps Extracted . | . . . . . . . . . . . Installed . | . . . . . . . . . . . Triggered 2 | . . . . . . . . 2 . . Machines | -11 -10 -10 -9 -9 -9 -8 -8 -7 -6 -6 ---------- Run | Yrd Mat Min Mat Min Exi Min Mat Fac Fac Was Machines Disabled . | . . . . . . . . . . . Max in Single Turn . | . . . . . . . . . . . Machines Repaired . | . . . . . . . . . . . Machines Dismantled . | . . . . . . . . . . . Machines Sabotaged . | . . . . . . . . . . . Overloaded Fab Kills . | . . . . . . . . . . . Hacking | -11 -10 -10 -9 -9 -9 -8 -8 -7 -6 -6 --------- Run | Yrd Mat Min Mat Min Exi Min Mat Fac Fac Was Machines Accessed 16 | . 3 . 4 . 1 . 4 3 1 . Terminals 11 | . 3 . 3 . . . 4 1 . . Fabricators 2 | . . . . . . . . 1 1 . Repair Stations 2 | . . . 1 . . . . 1 . . Recycling Units . | . . . . . . . . . . . Scanalyzers . | . . . . . . . . . . . Garrison Access . | . . . . . . . . . . . Total Hacks 49 | . 9 . 12 . 1 . 17 7 3 . Successful 26 | . 6 . 6 . 1 . 10 2 1 . Failed 23 | . 3 . 6 . . . 7 5 2 . Catastrophic 5 | . . . 3 . . . 1 1 . . Database Lockouts . | . . . . . . . . . . . Manual 34 | . 9 . 8 . 1 . 14 2 . . Terminals 37 | . 9 . 8 . . . 17 3 . . Fabricators 5 | . . . . . . . . 2 3 . Repair Stations 6 | . . . 4 . . . . 2 . . Recycling Units . | . . . . . . . . . . . Scanalyzers . | . . . . . . . . . . . Garrison Access . | . . . . . . . . . . . Terminal Hacks 11 | . 2 . 1 . 1 . 5 2 . . Record 2 | . . . . . . . . 2 . . Branch Access Points 3 | . 1 . 1 . . . 1 . . . Alert Level 3 | . . . . . . . 3 . . . Unreport Threat 1 | . . . . . . . 1 . . . Disarm Traps 1 | . 1 . . . . . . . . . Derelict Proto ID Bank 1 | . . . . . 1 . . . . . Fabricator Hacks 1 | . . . . . . . . . 1 . Network Status 1 | . . . . . . . . . 1 . Repair Station Hacks 2 | . . . 2 . . . . . . . Scan Component 1 | . . . 1 . . . . . . . Repair 1 | . . . 1 . . . . . . . Recycling Unit Hacks . | . . . . . . . . . . . Scanalyzer . | . . . . . . . . . . . Garrison Access Hacks . | . . . . . . . . . . . Unauthorized Hacks 12 | . 4 . 3 . . . 5 . . . Terminals 12 | . 4 . 3 . . . 5 . . . Assimilate 1 | . . . . . . . 1 . . . Botnet 10 | . 3 . 3 . . . 4 . . . Operators 1 | . 1 . . . . . . . . . Fabricators . | . . . . . . . . . . . Repair Stations . | . . . . . . . . . . . Recycling Units . | . . . . . . . . . . . Scanalyzers . | . . . . . . . . . . . Garrison Access . | . . . . . . . . . . . Data Cores Recovered 1 | . . . . . . . 1 . . . Used . | . . . . . . . . . . . Hacking Detections 13 | . 3 . 3 . . . 4 3 . . Full Trace Events 5 | . 1 . 1 . . . 2 1 . . Feedback Events . | . . . . . . . . . . . Feedback Blocked . | . . . . . . . . . . . Robot Schematics Acquired . | . . . . . . . . . . . Robots Built . | . . . . . . . . . . . Authchips . | . . . . . . . . . . . Time . | . . . . . . . . . . . Total Robot Build Rating . | . . . . . . . . . . . Part Schematics Acquired . | . . . . . . . . . . . Parts Built . | . . . . . . . . . . . Authchips . | . . . . . . . . . . . Time . | . . . . . . . . . . . Total Part Build Rating . | . . . . . . . . . . . Parts Repaired 1 | . . . 1 . . . . . . . Time 13 | . . . 13 . . . . . . . Parts Recycled . | . . . . . . . . . . . Recycled Matter . | . . . . . . . . . . . Retrieved Matter . | . . . . . . . . . . . Retrieved Components . | . . . . . . . . . . . Parts Scanalyzed . | . . . . . . . . . . . Part Schematics Acquired . | . . . . . . . . . . . Parts Damaged . | . . . . . . . . . . . Bothacking | -11 -10 -10 -9 -9 -9 -8 -8 -7 -6 -6 ------------ Run | Yrd Mat Min Mat Min Exi Min Mat Fac Fac Was Used RIF Installer . | . . . . . . . . . . . Robots Hacked . | . . . . . . . . . . . Non-combat . | . . . . . . . . . . . Combat . | . . . . . . . . . . . Robot Hacks Applied . | . . . . . . . . . . . Relay Couplers Released 4 | . . . . . . . . 4 . . Programmers 4 | . . . . . . . . 4 . . Fabnet Peak Effective % . | . . . . . . . . . . . Robots Rewired . | . . . . . . . . . . . Allies Hacked . | . . . . . . . . . . . Hacks Repelled . | . . . . . . . . . . . Allies | -11 -10 -10 -9 -9 -9 -8 -8 -7 -6 -6 -------- Run | Yrd Mat Min Mat Min Exi Min Mat Fac Fac Was Total Allies 4 | . . 3 . . . . . . . 1 Largest Group 3 | . . 3 . . . . . . . 1 Highest-Rated Group 40 | . . 40 . . . . . . . 31 Highest-Rated Ally 31 | . . 16 . . . . . . . 31 Total Orders . | . . . . . . . . . . . Ally Attacks 21 | . . 4 . . . . . . . 17 Total Damage 355 | . . 42 . . . . . . . 313 Kills 1 | . . 1 . . . . . . . . Allies Corrupted . | . . . . . . . . . . . Allies Melted . | . . . . . . . . . . . Intel | -11 -10 -10 -9 -9 -9 -8 -8 -7 -6 -6 ------- Run | Yrd Mat Min Mat Min Exi Min Mat Fac Fac Was Robot Analysis Total . | . . . . . . . . . . . Derelict Logs Recovered 2 | . . 1 . 1 . . . . . . Drone Launches . | . . . . . . . . . . . Drone Recoveries . | . . . . . . . . . . . Exploration | -11 -10 -10 -9 -9 -9 -8 -8 -7 -6 -6 ------------- Run | Yrd Mat Min Mat Min Exi Min Mat Fac Fac Was Turns Passed 12566 | 374 441 101 1720 535 1082 2039 2976 2620 543 135 Spaces Moved 4028 | 212 210 39 618 218 480 682 711 659 137 62 Core 21 | 17 . . . . . . . . . 4 Treads 3970 | 195 210 39 618 218 480 682 711 659 137 21 Legs . | . . . . . . . . . . . Wheels . | . . . . . . . . . . . Hover 37 | . . . . . . . . . . 37 Flight . | . . . . . . . . . . . Fastest Speed 50 | 50 160 240 225 225 225 225 305 385 397 50 Average Speed 288 | 153 195 240 234 225 225 295 368 385 397 114 Slowest Speed 397 | 160 240 240 320 225 225 305 385 385 397 397 Overloaded Moves . | . . . . . . . . . . . Propulsion Burnouts . | . . . . . . . . . . . Robots Hopped . | . . . . . . . . . . . Cave-ins Triggered . | . . . . . . . . . . . Exploration Rate (%) 41 | 12 27 18 46 52 89 100 52 21 5 36 Regions Visited 10 Branch Regions 4 Pre-discovered Areas . | . . . . . . . . . . . Known Exits Taken 2 | . 1 . 1 . . . . . . . Unknown Exits Taken 7 | 1 . 1 . 1 1 1 1 1 . . Scrap Searched 3 | . . . . 2 . 1 . . . . Spaces Dug 1 | . . . 1 . . . . . . . Terrain Destroyed 95 | . . 32 38 . . . 12 12 1 . Melee . | . . . . . . . . . . . Projectile 27 | . . . 2 . . . 12 12 1 . AOE 68 | . . 32 36 . . . . . . . Terrain Rammed . | . . . . . . . . . . . Walls Destroyed . | . . . . . . . . . . . Machines Disabled . | . . . . . . . . . . . Actions | -11 -10 -10 -9 -9 -9 -8 -8 -7 -6 -6 --------- Run | Yrd Mat Min Mat Min Exi Min Mat Fac Fac Was Total 4810 | 237 238 42 768 256 484 696 1074 747 139 129 Wait 504 | . 21 . 27 30 . . 325 54 . 47 Move 4019 | 211 209 38 617 217 479 681 710 658 137 62 Hop . | . . . . . . . . . . . Pick Up 84 | 7 5 . 30 2 1 5 18 12 . 4 Fast Attach 4 | 2 . . 2 . . . . . . . Attach 31 | 5 . . 12 . . . 3 3 1 7 Detach 3 | . . . 1 . . . 1 . . 1 Swap 32 | . 1 2 12 1 1 1 3 8 1 2 Drop 46 | . . . 8 2 3 2 14 12 . 5 Fire 86 | 12 2 2 59 4 . 7 . . . . Melee . | . . . . . . . . . . . Ram 1 | . . . . . . . . . . 1 Kick . | . . . . . . . . . . . Crush . | . . . . . . . . . . . Escape Stasis . | . . . . . . . . . . . Rewire . | . . . . . . . . . . . Trap . | . . . . . . . . . . . Miscellaneous . | . . . . . . . . . . . Route ------- -11/Scrapyard -10/Materials -10/Mines -9/Materials (discovered 3 exits: *Mat / *Min x2) -9/Mines (discovered 3 exits: *Mat / *Exi / [*Zio]) -9/Exiles -8/Mines (discovered 2 exits: *Mat x2) -8/Materials (discovered 2 exits: *Fac x2) -7/Factory (discovered 2 exits: *Fac / Sto) -6/Factory -6/Waste History --------- Turn | Location | Event 8 | -11/Scrapyard | Discovered new exit (range 15) 375 | -11/Scrapyard | Entered Materials 376 | -10/Materials | Build established: Mutant 534 | -10/Materials | Identified exit to Mines 816 | -10/Materials | Entered Mines 850 | -10/Mines | Assisted by bots powering up and referring to "LRC-V3" 869 | -10/Mines | Discovered new exit (range 14) 887 | -10/Mines | Assembled infested the area 917 | -10/Mines | Entered Materials 917 | -9/Materials | Evolved 2 slots: Utility x2 918 | -9/Materials | Identified exit to Mines 1431 | -9/Materials | Repaired Lgt. Armor Plating 1930 | -9/Materials | Lost 3 parts (1n1u1w) 1939 | -9/Materials | Core integrity fell below 50% 1943 | -9/Materials | Build established: Scavenger-Mutant 2201 | -9/Materials | Discovered new exit (range 8) 2637 | -9/Materials | Entered Mines 2795 | -9/Mines | A Derelict revealed a hidden shortcut to a safe place 2833 | -9/Mines | Discovered new exit (range 10) 3154 | -9/Mines | Deemed a non-threat by the Exiles lab entrance 3156 | -9/Mines | Discovered new exit (range 5) 3172 | -9/Mines | Entered Exiles 3229 | -9/Exiles | Met 8R-AWN 3265 | -9/Exiles | Met EX-HEX 3387 | -9/Exiles | Visited The Gauntlet 3598 | -9/Exiles | Met EX-DEC 3710 | -9/Exiles | Discovered new exit (range 10) 3868 | -9/Exiles | Met EX-BIN 3899 | -9/Exiles | Aligned with FarCom system 3901 | -9/Exiles | Given EX-Vault access code 3955 | -9/Exiles | Opened EX-Vault 3972 | -9/Exiles | Found AWS/Autocannon 4018 | -9/Exiles | Warned to stay clear of 0b10 Research branches 4050 | -9/Exiles | Exiles lab attacked by MAIN.C 4254 | -9/Exiles | Left Exiles lab with AWS/Autocannon 4254 | -9/Exiles | Entered Mines 4259 | -8/Mines | Build established: Mutant 4545 | -8/Mines | Discovered new exit (range 9) 5829 | -8/Mines | Discovered new exit (range 5) 6293 | -8/Mines | Entered Materials 6293 | -8/Materials | Evolved 2 slots: Utility x1, Weapon x1 7196 | -8/Materials | Build established: Tank 7965 | -8/Materials | Discovered new exit (range 5) 8636 | -8/Materials | Build established: Skirmisher 9173 | -8/Materials | Discovered new exit (range 12) 9269 | -8/Materials | Entered Factory 9269 | -7/Factory | Evolved 2 slots: Utility x2 9270 | -7/Factory | Identified exit to Storage 9580 | -7/Factory | Build established: Hacker-Skirmisher 10584 | -7/Factory | Cargo convoy interrupted 11655 | -7/Factory | Discovered new exit (range 12) 11740 | -7/Factory | Destroyed 11 combat bots 11889 | -7/Factory | Entered another Factory area 11889 | -6/Factory | Evolved 2 slots: Utility x2 12197 | -6/Factory | Build established: Hacker-Tank 12432 | -6/Factory | Sucked down chute 12432 | -6/Factory | Entered Waste 12433 | -6/Waste | Met a frightened Derelict 12439 | -6/Waste | Spotted C-40 Crusher 12447 | -6/Waste | EMP discharged 12447 | -6/Waste | System corruption reached 10% 12464 | -6/Waste | Crushed by Compactor (1 part destroyed, 1 dropped) 12483 | -6/Waste | Crushed by Compactor (1 part destroyed, 1 dropped) 12483 | -6/Waste | Spotted C-40 Crusher 12483 | -6/Waste | Spotted C-40 Crusher 12491 | -6/Waste | Crushed by Compactor (1 part destroyed, 1 dropped) 12522 | -6/Waste | Lost 3 parts (2n1u) 12537 | -6/Waste | Crushed by Compactor (1 part destroyed, 1 dropped) 12537 | -6/Waste | Crushed by Compactor (1 part destroyed, 2 dropped) 12540 | -6/Waste | Crushed by Compactor (1 part destroyed) 12543 | -6/Waste | Crushed by Compactor (1 part destroyed) 12547 | -6/Waste | EMP discharged 12553 | -6/Waste | Core integrity fell below 50% 12562 | -6/Waste | Core integrity fell below 20% 12567 | -6/Waste | Destroyed by C-40 Crusher with Compactor Last Messages --------------- ALERT: Foreign system detected. Charging EMP. Gravmag System crushed. Adv. Targeting Computer crushed. System Shield destroyed. Visual Processing Unit crushed. Hacking Suite crushed. System Shield crushed. Hacking Suite crushed. Imp. Utility Shielding crushed. System corrupted (+8). System corrupted: Heat flow error (+258). Acquired Corrupted Greatsword. Integrated Corrupted Greatsword (+2). Complication: FCS attempts to trigger Greatsword. Complication: Greatsword misfires. Greatsword destroyed. Slammed into C-40 Crusher. Destabilizing: Core damaged (-25). [Achievement: 5k Club] Map ----- +----------------------------------------------------+ | ?????????????????????????????????????????????????? | | ?????????????????????????????????????????????????? | | ?????????????????????????????????????????????????? | | ?????????????????????????????????????????????????? | | ?????????????????????????????????????????????????? | | ?????????????????????????????????????????????????? | | ?????????????????????????????????????????????????? | | ?????????????????????????????????????????????????? | | ?????????????????????????????????????????????????? | | ?????????????????????????????????????????????????? | | ?????????????????????????????????????????????????? | | ?????????????????????????????????????????????????? | | ?????????????????????????????????????????????????? | | ?????????????????????????????????????????????????? | | ?????????????????????????????????????????????????? | | ?????????????????????????????????????????????????? | | ?????????????????????????????????????????????????? | | ?????????????????????????????????????????????????? | | ?????????????????????????????????????????????????? | | ?????????????????????????????????????????????????? | | ?????????????????????????????????????????????????? | | ?????????????????????????????????????????????????? | | ??????????????????##########?????????????????????? | | ??????????????????#! CC #?????????????????????? | | ??????????????????# CC #?????????????????????? | | ??????????????????# CC@ #?????????????????????? | | ??????????????????# CCCC#?????????????????????? | | ??????????????????# CC#?????????????????????? | | ??????????????????# #?????????????????????? | | ??????????????????# #?????????????????????? | | ??????????????????# #?????????????????????? | | ??????????????????### ###?????????????????????? | | ????????????????????# #???????????????????????? | | ????????????????????# #???????????????????????? | | ????????????????????# #???????????????????????? | | ??????????????????### #???????????????????????? | | ??????????????????# #???????????????????????? | | ??????????????????# #???????????????????????? | | ??????????????????# #???????????????????????? | | ??????????????????# #???????????????????????? | | ??????????????????### #???????????????????????? | | ??????############??# #???????????????????????? | | ??????# #??# #???????????????????????? | | ??????# % #??# #???????????????????????? | | ??????# = = #### ######## #???????????? | | ??????# = ??????????? | | ??????# ??????????? | | ??????# ??????????? | | ??????# ??????????? | | ??????# #### ######## ! #???????????? | +----------------------------------------------------+ Best States ------------- Heat Dissipation 41 Energy Generation 15 Energy Capacity 265 Matter Stores 300 Matter Capacity 300 Sight Range 18 Terrain Scan Density 10 Armor Coverage 750 Utility Shielding 66 Evasion (%) 53 Targeting Accuracy 8 Recoil Reduction 2 Offensive Hacking 20 Defensive Hacking 20 Item Schematics ----------------- None Robot Schematics ------------------ None Fabricated ------------ Nothing Alien Tech Used ----------------- None Achievements -------------- 5k Club Everything Is Under Control I Survived The Infestation Made in Tau Ceti IV Quantum Hacking Serviceable Loadout Tank Challenges ------------ None Game ------ Seed UltimateTrackerLeg Manual? 0 Play Time 01:05:27 Cumulative 3.9 hours Start 2025.01.11 @ 16:23:31 End 2025.01.11 @ 17:35:04 Sessions 1 Manual Loads 0 Difficulty Rogue Special Mode None Game No. 9 Rogue 9 Adventurer 0 Explorer 0 Win Type - Total 0 Types 0/0/0/0/0/0/0/0/0 Lore% 8 Gallery% 6 Achievement% 11 Wizard Run 0 Options --------- Layout 1 ASCII 0 Keyboard 0 Movement Mouse Keybinds 0 Fullscreen 2 Font 32/SmallcapsGlow Map View 50x35 Zoom Use 0% Tactical HUD 0 Map Filters NONE Filters NONE Steam 1 RUN: a95274bc-f34a-44c6-9fe8-663a303dd0f9